 Dungeon Crawl Stone Soup version 0.19.1-1-g22dce08 (webtiles) character file.

14451 galech the Grappler (level 11, -11/110 HPs)
             Began as a Troll Fighter on Jan 17, 2017.
             Was the Champion of Okawaru.
             Mangled by a seven-headed hydra (15 damage)
             ... on level 10 of the Dungeon.
             The game lasted 00:27:15 (9300 turns).

galech the Grappler (Troll Fighter)                 Turns: 9300, Time: 00:27:16

Health: -11/110    AC: 13    Str: 26    XL:     11   Next: 88%
Magic:  8/10       EV: 18    Int:  2    God:    Okawaru [******]
Gold:   781        SH: 13    Dex: 18    Spells: 0 memorised, 10 levels left

rFire  . . .     SeeInvis .       - Unarmed
rCold  . . .     Gourm    +     l - +2 robe of the Forest {*Slow rPois Dex+6 Slay+3}
rNeg   . . .     Faith    .     b - +0 shield
rPois  +         Spirit   .     (helmet restricted)
rElec  .         Reflect  .     a - +2 cloak
rCorr  .         Harm     .     (gloves unavailable)
MR     .....                    (boots unavailable)
Stlth  +++++.....               (no amulet)
                                r - ring of poison resistance
                                G - ring "Ecwimea" {rPois Stlth+}

@: heroism
A: unfitting armour, claws 3, icy blue scales 1, yellow scales 1, blurry vision
2, deformed body, dopey 1, fast metabolism 3, gourmand, regeneration 1, robust
1, shaggy fur 1, tough skin 2
a: Heroism, Finesse, Renounce Religion


You were on level 10 of the Dungeon.
You worshipped Okawaru.
Okawaru was exalted by your worship.
You were very full.

You visited 2 branches of the dungeon, and saw 12 of its levels.
You also visited: Bailey.

You collected 781 gold pieces.

Inventory:

Hand Weapons
 P - the +4 fustibalus "Beacrul" {flame, rF- MR+++ Dex+6}
   (Okawaru gifted it to you on level 9 of the Dungeon)

   It causes projectiles fired from it to burn those they strike, causing extra
   injury to most foes and up to half again as much damage against particularly
   susceptible opponents.
   It affects your dexterity (+6).
   It makes you vulnerable to fire.
   It affects your resistance to hostile enchantments.
Armour
 a - a +2 cloak (worn)
 b - a +0 shield (worn)
 l - the +2 robe of the Forest (worn) {*Slow rPois Dex+6 Slay+3}
   (You found it on level 5 of the Dungeon)

   It affects your dexterity (+6).
   It affects your accuracy and damage with ranged weapons and melee attacks
   (+3).
   It protects you from poison.
   It may slow you when you take damage.
 M - the +1 robe of Midsummer {Regen+}
   (Okawaru gifted it to you on level 10 of the Dungeon)

   It increases your rate of regeneration.
 T - a +0 troll leather armour
Jewellery
 g - an uncursed ring of magical power
 r - a ring of poison resistance (right claw)
 t - an uncursed ring of wizardry
 G - the ring "Ecwimea" (left claw) {rPois Stlth+}
   (You found it on level 7 of the Dungeon)

   [ring of poison resistance]

   It protects you from poison.
   It makes you more stealthy.
Wands
 s - a wand of acid (8/15)
 D - a wand of lightning (9/15)
Scrolls
 e - 11 scrolls of remove curse
 i - 3 scrolls of enchant armour
 j - 6 scrolls of recharging
 k - 2 scrolls of enchant weapon
 m - a scroll of random uselessness
 n - 5 scrolls of teleportation
 o - a scroll of immolation
 x - a scroll of noise
 y - a scroll of fear
 A - 2 scrolls of brand weapon
 F - 2 scrolls of magic mapping
 W - a scroll of summoning
Potions
 c - 2 potions of might
 f - 2 potions of flight
 h - a potion of resistance
 p - 2 potions of brilliance {unknown}
 q - 3 potions of beneficial mutation {unknown}
 u - a potion of ambrosia {unknown}
 v - 2 potions of agility
 w - 3 potions of cure mutation {unknown}
 z - 2 potions of berserk rage {unknown}
 C - a potion of lignification {unknown}
 J - 2 potions of haste {unknown}
 K - 2 potions of heal wounds {unknown}
 L - 2 potions of curing {unknown}
 N - a potion of degeneration {unknown}
 Q - a potion of magic {unknown}
Books
 S - the Reference Book on Flames and Evil Rites
   (You found it on level 9 of the Dungeon)

   Spells                             Type                      Level
   a - Ignite Poison                  Fire/Transmutation/Poison    3
   b - Sticky Flame                   Conjuration/Fire             4
   c - Bolt of Draining               Conjuration/Necromancy       5
 V - a book of Minor Magic

   Spells                             Type                      Level
   a - Magic Dart                     Conjuration                  1
   b - Blink                          Translocation                2
   c - Call Imp                       Summoning                    2
   d - Repel Missiles                 Charms/Air                   2
   e - Slow                           Hexes                        2
   f - Conjure Flame                  Conjuration/Fire             3
   g - Mephitic Cloud                 Conjuration/Poison/Air       3
 X - a book of Air

   Spells                             Type                      Level
   a - Shock                          Conjuration/Air              1
   b - Swiftness                      Charms/Air                   2
   c - Repel Missiles                 Charms/Air                   2
   d - Static Discharge               Conjuration/Air              3
   e - Lightning Bolt                 Conjuration/Air              5
Miscellaneous
 R - 2 sacks of spiders
 U - a box of beasts
Comestibles
 d - 8 bread rations
 B - 11 fruits
 E - 2 meat rations
 H - 2 beef jerkies
 I - 2 slices of pizza


   Skills:
 + Level 4.2(9.2) Fighting
 + Level 6.5(11.5) Dodging
 + Level 4.0(9.0) Stealth
 + Level 7.1(12.1) Shields
 + Level 13.8(18.8) Unarmed Combat
 + Level 0.8 Invocations


You had 10 spell levels left.
You didn't know any spells.

Dungeon Overview and Level Annotations

Branches:
Dungeon (11/15)            Temple (1/1) D:4            Lair (0/6) D:10
    Orc (0/2) D:11

Altars:
Ashenzari
Elyvilon
Fedhas
Makhleb
Nemelex Xobeh
Okawaru
Trog
Vehumet
Xom
The Shining One

Shops:
D:7 }

Annotations:
D:11 dngmouse's ghost, journeyman MiFi


Innate Abilities, Weirdness & Mutations

You are too large for most types of armour.
You have claws for hands.
Your metabolism is lightning-fast.
You like to eat raw meat.
Your natural rate of healing is unusually fast.
You are covered in fur. (AC +1)
You have very tough skin. (AC +2)
You are partially covered in icy blue scales. (AC +2)
You are partially covered in yellow scales. (AC +2)
Scrolls take you longer to read.
Armour fits poorly on your strangely shaped body.
You are dopey. (Int -2)
You are robust. (+10% HP)


Message History

The seven-headed hydra barely misses you.
The seven-headed hydra bites you but does no damage.
The seven-headed hydra completely misses you.
You climb upwards.
There is a stone staircase leading down here.
You gain the combat prowess of a mighty hero.
The seven-headed hydra barely misses you.
The seven-headed hydra bites you! The seven-headed hydra bites you.
The seven-headed hydra bites you!
* * * LOW HITPOINT WARNING * * *
The seven-headed hydra bites you!
* * * LOW HITPOINT WARNING * * *
You block the seven-headed hydra's attack.
The seven-headed hydra closely misses you.
The seven-headed hydra bites you but does no damage.
The seven-headed hydra bites you!
* * * LOW HITPOINT WARNING * * *
You block the seven-headed hydra's attack.
The seven-headed hydra bites you!
You die...

..........# #....###..........#
#≈..♣..≈#.# ###...............#
#≈≈...≈≈#.# ##.##...........#
###...###.########.............##
##......##.....####..........#
##.#.#>##..>..# ##.##.###..##
#####.#.#.##.....# #.##.# #....
#.....#.#.##...D.# #.##.# #.###
..#####...##....@### #.##.# #.#
### ##..####.#...# #..#.# #.#
##...##.###.####...###.##
#<...#.# #...###..))#..#
###..#.#####.####.#.(#.##
##..[..###..# #.##.....
#..##...##.# #.#####..
#.......##.# #.# ##. ##......##.#
#.# ##


You could see a seven-headed hydra.

Vanquished Creatures
  An orc warlord (Bailey)
  A hill giant (D:8)
  2 unseen horrors
  4 orc knights (Bailey)
  2 cyclopes
  An elephant (D:10)
  3 trolls
  A two-headed ogre (D:11)
  4 hippogriffs
  2 wyverns
  A spriggan (D:7)
  A wraith (D:9)
  3 hungry ghosts
  A water moccasin (D:10)
  5 ice beasts
  2 sky beasts
  11 orc warriors
  2 phantoms
  4 necrophages
  5 ogres
  A centaur (D:10)
  2 crocodiles
  3 big kobolds
  3 bullfrogs
  3 scorpions
  16 killer bees
  5 wights (D:11)
  5 howler monkeys
  3 crimson imps
  A quasit (D:5)
  4 hounds
  A jelly (D:9)
  7 orc priests
  2 bullfrog skeletons
  8 orc wizards
  A gnoll shaman (D:8)
  A centaur skeleton (D:6)
  2 iguanas
  11 worker ants
  A hound skeleton (D:5)
  13 gnolls
  15 adders
  A shadow imp (D:9)
  2 oozes
  3 adder skeletons
  3 adder zombies
  4 worms
  2 dart slugs (D:1)
  4 leopard geckos
  61 orcs
  A ball python (D:1)
  5 bats
  4 giant cockroaches
  25 goblins
  22 hobgoblins
  7 jackals
  A quokka (D:5)
  6 frilled lizards
  A goblin zombie (D:11)
  A jackal skeleton (D:4)
  13 kobolds
  An orc skeleton (D:11)
  4 orc zombies (D:11)
  A quokka skeleton (D:6)
  8 rats
344 creatures vanquished.

Vanquished Creatures (others)
  A wizard (D:8)
  A quokka (D:10)
2 creatures vanquished.

Grand Total: 346 creatures vanquished

Notes
Turn   | Place    | Note
-------+----------+-------------------------------------------
     0 | D:1      | galech the Troll Fighter began the quest for the Orb.
     0 | D:1      | Reached XP level 1. HP: 22/22 MP: 0/0
   161 | D:1      | Reached XP level 2. HP: 24/29 MP: 1/1
   683 | D:1      | Reached XP level 3. HP: 36/36 MP: 2/2
  1056 | D:2      | Reached XP level 4. HP: 28/44 MP: 3/3
  1466 | D:3      | Reached skill level 3 in Unarmed Combat
  1484 | D:3      | Reached XP level 5. HP: 44/53 MP: 4/4
  1905 | D:3      | Reached skill level 4 in Unarmed Combat
  2253 | D:4      | Noticed an ogre
  2260 | D:4      | Killed an ogre
  2260 | D:4      | Reached XP level 6. HP: 31/61 MP: 5/5
  2367 | D:4      | Found a staircase to the Ecumenical Temple.
  2442 | Temple   | Entered the Ecumenical Temple
  2519 | Temple   | Became a worshipper of Warmaster Okawaru
  2625 | D:4      | Reached skill level 5 in Unarmed Combat
  3117 | D:5      | Entered Level 5 of the Dungeon
  3130 | D:5      | Reached XP level 7. HP: 67/67 MP: 6/6
  3143 | D:5      | Got a transparent robe
  3155 | D:5      | Identified the +2 robe of the Forest {*Slow rPois Dex+6 Slay+3} (You found it on level 5 of the Dungeon)
  3452 | D:5      | Reached * piety under Okawaru
  3452 | D:5      | Reached skill level 6 in Unarmed Combat
  3935 | D:6      | Reached skill level 7 in Unarmed Combat
  3949 | D:6      | Reached XP level 8. HP: 75/75 MP: 7/7
  3962 | D:6      | Reached skill level 1 in Stealth
  4538 | D:7      | Noticed a hippogriff
  4545 | D:7      | Killed a hippogriff
  4545 | D:7      | Reached ** piety under Okawaru
  4545 | D:7      | Reached skill level 8 in Unarmed Combat
  4628 | D:7      | Got a fine amber ring
  4659 | D:7      | Found Kuodghem's Gadget Shop.
  4662 | D:7      | Identified the ring "Ecwimea" {rPois Stlth+} (You found it on level 7 of the Dungeon)
  4714 | D:7      | You fall through a shaft!
  4870 | D:8      | Found a flagged portal.
  4897 | Bailey   | Entered a bailey
  5207 | Bailey   | Noticed an orc knight
  5213 | Bailey   | Reached *** piety under Okawaru
  5213 | Bailey   | Reached XP level 9. HP: 59/83 MP: 8/8
  5225 | Bailey   | Killed an orc knight
  5225 | Bailey   | Reached skill level 9 in Unarmed Combat
  5235 | Bailey   | Reached skill level 5 in Shields
  5475 | Bailey   | Noticed an orc warlord
  5475 | Bailey   | Noticed an orc knight
  5475 | Bailey   | Noticed an orc knight
  5475 | Bailey   | Noticed an orc knight
  5574 | Bailey   | Killed an orc warlord
  5574 | Bailey   | Reached **** piety under Okawaru
  5574 | Bailey   | Reached skill level 5 in Dodging
  5574 | Bailey   | Reached skill level 10 in Unarmed Combat
  5616 | Bailey   | Reached XP level 10. HP: 52/92 MP: 9/9
  5708 | Bailey   | Killed an orc knight
  5708 | Bailey   | Reached skill level 11 in Unarmed Combat
  5891 | Bailey   | Killed an orc knight
  5996 | Bailey   | Killed an orc knight
  6442 | D:7      | Reached skill level 12 in Unarmed Combat
  6514 | D:8      | Found a bloodstained altar of Trog.
  6541 | D:8      | Reached ***** piety under Okawaru
  6595 | D:8      | Noticed a wizard
  6597 | D:8      | Killed a wizard
  6815 | D:8      | Gained mutation: You are partially covered in yellow scales. (AC +2) [potion of mutation]
  6815 | D:8      | Gained mutation: You are robust. (+10% HP) [potion of mutation]
  6816 | D:8      | Gained mutation: Scrolls take you a little longer to read. [potion of mutation]
  6816 | D:8      | Gained mutation: Scrolls take you longer to read. [potion of mutation]
  6816 | D:8      | Gained mutation: You are partially covered in icy blue scales. (AC +2) [potion of mutation]
  7552 | D:9      | Received a gift from Okawaru
  7555 | D:9      | Got a crystal fustibalus {god gift}
  7556 | D:9      | Identified the +4 fustibalus "Beacrul" {flame, rF- MR+++ Dex+6} (Okawaru gifted it to you on level 9 of the Dungeon)
  7611 | D:9      | Reached XP level 11. HP: 110/110 MP: 10/10
  7875 | D:9      | Identified the Reference Book on Flames and Evil Rites
  8028 | D:9      | Killed an unseen horror
  8028 | D:9      | Reached skill level 13 in Unarmed Combat
  8156 | D:8      | Noticed a hill giant
  8159 | D:8      | Killed a hill giant
  8425 | D:10     | Entered Level 10 of the Dungeon
  8432 | D:10     | Found a white marble altar of Elyvilon.
  8662 | D:10     | Killed an unseen horror
  8662 | D:10     | Received a gift from Okawaru
  8669 | D:10     | Got a bloodstained robe {god gift}
  8680 | D:10     | Identified the +1 robe of Midsummer {Regen+} (Okawaru gifted it to you on level 10 of the Dungeon)
  8722 | D:10     | Gained mutation: Armour fits poorly on your strangely shaped body. [potion of mutation]
  8722 | D:10     | Gained mutation: You are dopey. (Int -2) [potion of mutation]
  8796 | D:10     | Found a staircase to the Lair.
  8951 | D:11     | Reached ****** piety under Okawaru
  9035 | D:11     | Found a staircase to the Orcish Mines.
  9057 | D:11     | Noticed a seven-headed hydra
  9061 | D:11     | Noticed dngmouse's ghost (journeyman MiFi)
  9300 | D:10     | HP: 4/110 [seven-headed hydra (14)]
  9300 | D:10     | Mangled by a seven-headed hydra

Skill      XL: |  1  2  3  4  5  6  7  8  9 10 11 |
---------------+----------------------------------+-----
Shields        | 3 4 5 6 7 |  7.1
Fighting       | 3 4 |  4.2
Unarmed Combat | 3 4 5 7 8 10 12 13 | 13.8
Dodging        | 3 4 5 6 |  6.5
Stealth        | 1 2 4 |  4.0
Invocations    | |  0.8

Action                   |  1- 3 |  4- 6 |  7- 9 | 10-12 || total
-------------------------+-------+-------+-------+-------++-------
Melee: Unarmed           |    98 |   199 |   252 |   382 ||   931
Invok: Heroism           |       |       |     2 |     5 ||     7
  Use: Scroll            |       |       |    13 |     4 ||    17
       Potion            |       |       |       |     3 ||     3
 Stab: Sleeping          |       |       |     6 |    21 ||    27
       Distracted        |       |       |       |     3 ||     3
  Eat: Chunk             |    15 |    19 |    23 |    45 ||   102
Armor: Robe              |    34 |    48 |    25 |   102 ||   209
Dodge: Dodged            |    31 |    52 |    63 |   146 ||   292
Block: Shield            |    37 |    74 |    97 |   179 ||   387
